 Dungeon Crawl Stone Soup version 0.26.1-11-gd32895ea62 (webtiles) character file.

Game seed: 14032809216464948427

29197 phalm the Fighter (level 13, -3/105 HPs)
             Began as a Demonspawn Conjurer on June 24, 2021.
             Was an Initiate of Gozag.
             Slain by a wolf spider (12 damage)
             ... in a Gauntlet.
             The game lasted 00:52:52 (21769 turns).

phalm the Fighter (Demonspawn Conjurer)            Turns: 21769, Time: 00:52:53

Health: -3/105     AC: 17    Str:  7    XL:     13   Next: 13%
Magic:  0/27       EV: 14    Int: 22    God:    Gozag
Gold:   378        SH:  9    Dex: 14    Spells: 3/32 levels left

rFire    + . .     SeeInvis .   l - +2 long sword (distort) {!w}
rCold    . . .     Faith    .   y - +4 buckler of Orthodoxy {*Drain rElec rCorr Int+2}
rNeg     + . .     Spirit   +   a - +4 ring mail of Laatorgh {rF+ rN+ Will+ Int-3}
rPois    .         Reflect  .   t - +2 helmet
rElec    +         Harm     .   (no cloak)
rCorr    +         Rampage  .   s - +0 pair of gloves
Will     +....     NoTele   +   I - +2 pair of boots
Stlth    ++........             (no amulet)
HPRegen  0.27/turn              z - ring of wizardry
MPRegen  0.40/turn              Z - ring of wizardry

@: brilliant, berserk cooldown, slowed, very slow
A: hooves 1, powered by death 1, magic shield, magic regeneration, sturdy frame
2
a: Renounce Religion, Potion Petition, Call Merchant, Bribe Branch


You were in a Gauntlet.
You worshipped Gozag.
Gozag was aware of your devotion.
You visited 3 branches of the dungeon, and saw 16 of its levels.
You also visited: Gauntlet.

You collected 3054 gold pieces.
You spent 130 gold pieces at shops.
You paid 2546 gold pieces to Gozag.


Innate Abilities, Weirdness & Mutations

You have large cloven feet.
You regenerate a little health from kills.
When hurt, damage is shared between your health and your magic reserves.
You regenerate magic rapidly.
Your movements are less encumbered by armour. (ER -4)


   Skills:
 + Level 10.9 Fighting
 - Level 4.0 Armour
 - Level 4.4 Dodging
 - Level 1.7 Stealth
 - Level 4.0 Shields
 + Level 10.4 Spellcasting
 + Level 7.8 Conjurations
 * Level 6.9 Hexes
 * Level 6.6 Translocations
 * Level 3.0 Fire Magic
 * Level 6.0 Earth Magic
 - Level 1.8 Evocations


You had 3 spell levels left.
You knew the following spells:

 Your Spells              Type           Power        Failure   Level
b - Iskenderun's Battles  Conj           62%          2%          5
c - Cause Fear            Hex            29%          1%          4
e - Leda's Liquefaction   Hex/Erth       28%          1%          4
f - Fulminant Prism       Conj/Hex       30%          1%          4
m - Magic Dart            Conj           100%         1%          1
s - Searing Ray           Conj           100%         1%          2
t - Bolt of Magma         Conj/Fire/Erth 26%          5%          5
X - Iskenderun's Mystic   Conj/Tloc      60%          1%          4

Your spell library contained the following spells:

 Spells                   Type           Power        Failure   Level
 Corona                   Hex            64%          1%          1
 Ensorcelled Hibernation  Hex/Ice        80%          1%          2
 Slow                     Hex            58%          1%          2
 Confusing Touch          Hex            58%          1%          3
 Dazzling Flash           Conj/Hex       100%         1%          3
 Inner Flame              Hex/Fire       50%          1%          3
 Portal Projectile        Hex/Tloc       100%         1%          3
 Tukima's Dance           Hex            58%          1%          3
 Iron Shot                Conj/Erth      29%          17%         6
 Orb of Destruction       Conj           31%          50%         7
 Spellforged Servitor     Conj/Summ      21%          94%         7

Inventory:

Hand Weapons
 l - a +2 long sword of distortion (weapon) {!w}
   (You found it on level 1 of the Lair of Beasts)
Missiles
 b - 7 javelins
 r - 81 poisoned darts (quivered)
Armour
 a - the +4 ring mail of Laatorgh (worn) {rF+ rN+ Will+ Int-3}
   (You found it on level 3 of the Lair of Beasts)

   It affects your intelligence (-3).
   It protects you from fire.
   It protects you from negative energy.
   It affects your willpower, your defense against some magical effects.
 h - the +1 chain mail of Shadows and Fog {rC++ Will- Stlth+}
   (You found it in a Gauntlet)

   It greatly protects you from cold.
   It affects your willpower, your defense against some magical effects.
   It makes you more stealthy.
 s - a +0 pair of gloves (worn)
   (You found it on level 2 of the Dungeon)
 t - a +2 helmet (worn)
   (You found it on level 2 of the Dungeon)
 y - the +4 buckler of Orthodoxy (worn) {*Drain rElec rCorr Int+2}
   (You found it on level 4 of the Dungeon)

   It affects your intelligence (+2).
   It insulates you from electricity.
   It provides partial protection from all sources of acid and corrosion.
   It causes draining when unequipped.
 I - a +2 pair of boots (worn)
   (You found it on level 7 of the Dungeon)
 Q - the +2 ring mail of Ureatz {rF+}
   (You found it on level 1 of the Lair of Beasts)

   It protects you from fire.
Jewellery
 z - a ring of wizardry (left hand)
   (You found it on level 4 of the Dungeon)
 C - an uncursed ring of protection from cold
   (You found it on level 5 of the Dungeon)
 M - an uncursed ring of willpower
   (You took it off an orc on level 8 of the Dungeon)
 Z - a ring of wizardry (right hand)
   (You found it on level 4 of the Dungeon)
Wands
 e - a wand of disintegration (11)
   (You found it on level 3 of the Lair of Beasts)
 v - a wand of paralysis (2)
   (You found it on level 3 of the Dungeon)
 w - a wand of flame (39)
   (You found it on level 6 of the Dungeon)
 J - a wand of iceblast (10)
   (You found it on level 7 of the Dungeon)
 L - a wand of digging (4)
   (You took it off a wight on level 10 of the Dungeon)
Scrolls
 c - 3 scrolls of fog
 g - 7 scrolls of remove curse {@r2}
 j - 2 scrolls of blinking {!r}
 m - 7 scrolls of teleportation {unknown}
 q - 4 scrolls of magic mapping {!r}
 D - 2 scrolls of fear
 O - a scroll of vulnerability {!r!r}
 S - a scroll of holy word {!r}
 T - 3 scrolls of enchant armour
Potions
 d - a potion of mutation {!q}
 f - a potion of berserk rage {unknown}
 k - a potion of magic {unknown}
 n - 5 potions of curing {@q1}
 o - 2 potions of lignification {unknown}
 x - 6 potions of might
 A - 3 potions of flight
 B - 2 potions of haste {@q3}
 G - a potion of brilliance {unknown}
 H - 2 potions of resistance {unknown}
 P - a potion of invisibility {unknown}

Dungeon Overview and Level Annotations

Branches:
Dungeon (11/15)            Temple (1/1) D:4            Lair (4/6) D:9
 Shoals (0/4) Lair:2        Snake (0/4) Lair:4          Orc (0/2) D:10
Gauntlet (1/1)

Altars:
Ashenzari
Cheibriados
Dithmenos
Elyvilon
Fedhas
Gozag
Hepliaklqana
Kikubaaqudgha
Makhleb
Nemelex Xobeh
Okawaru
Qazlal
Ru
Sif Muna
Trog
Uskayaw
Vehumet
Wu Jian
Xom
Yredelemnul
Zin
The Shining One

Shops:
D:8 [   D:11 !**

Annotations:
Lair:2 1 runed translucent door, oc3rt's ghost, journeyman KoHu Gauntlet 21 runed translucent doors, 7 transporters

#.8.#..#:.#..#...#...#..##
#...#..#.#..#....#...#....
#...#..###########...#####
#.©.#≈.............≈......
$
.....#∩............≈8≈.....
##.©.#≈.............≈......
#...#..###########...#####
#...#..#..s#.#...#...#....
#.8.#..#.@#..^#.s#...#....
#...#..#.##...##.#####..#.
#.8.#..#!s##.#..##...#)...
...#..#©.#^©^...#©.©#©...
≈8≈#..#$.##.#..##...#....
## #..#=##..^##.#####.P#.
#..#..#...#..#...#....
###..#..§#.#...#.8.#....
#8#..###########...#####


You could see a wolf spider.


Message History

The wolf spider bites you.
* * * LOW HITPOINT WARNING * * *
The redback misses you.
You riposte.
You hit the redback.
Space warps horribly around the redback!
You kill the redback!
The wolf spider becomes distracted by the nearby gold, dreaming of imaginary riches.
The redback barely misses you.
Your Earth Magic skill increases to level 6! 😨 HP[-18] MP[-8]
You take 18 damage, and now have 28/105 hp.
You lost 8 mp, and now have 11/27 mp.
Casting: Iskenderun's Mystic Blast (mildly dangerous; 1% risk of failure)
Confirm with . or Enter, or press ? or * to list all spells.
You feel a surge of power!
You erupt in a blast of force!
The mystic blast hits the wolf spider!
The wolf spider is no longer distracted by gold.
The wolf spider hisses angrily.
The wolf spider is knocked back by the mystic blast.
The wolf spider slams into the stone wall!
The mystic blast hits the redback!!
The redback is knocked back by the mystic blast.
The redback slams into the translucent stone wall!
The wolf spider is no longer berserk.
The wolf spider hits you but does no damage.
The wolf spider bites you but does no damage.
The wolf spider hits you!
* * * LOW HITPOINT WARNING * * *
The wolf spider bites you!
* * * LOW HITPOINT WARNING * * *
The redback closely misses you. You block the wolf spider's attack.
The wolf spider bites you but does no damage. 😱 HP[-17] MP[-7]
You take 17 damage, and now have 11/105 hp.
You lost 7 mp, and now have 4/27 mp.
Okay, then.
Okay, then.
Casting: Iskenderun's Mystic Blast (mildly dangerous; 1% risk of failure)
Confirm with . or Enter, or press ? or * to list all spells.
You feel a surge of power!
You erupt in a blast of force!
The mystic blast hits the wolf spider.
The wolf spider is knocked back by the mystic blast.
The wolf spider slams into the stone wall!
The mystic blast hits the redback!
You kill the redback!
Your Fire Magic skill increases to level 3! 😱 HP[+2] MP[-2]
You regained 2 hp, and now have 13/105 hp.
You lost 2 mp, and now have 2/27 mp.
The wolf spider hits you!
* * * LOW HITPOINT WARNING * * *
You block the wolf spider's attack.
You see here 19 gold pieces. 😱 HP[-7]
You take 7 damage, and now have 6/105 hp.
Unknown command.
You feel much better. The wolf spider hits you!
* * * LOW HITPOINT WARNING * * *
You block the wolf spider's attack. 😱 HP[+13] MP[-1]
You regained 13 hp, and now have 19/105 hp.
You lost 1 mp, and now have 1/27 mp.
You hit the wolf spider.
Space bends around the wolf spider!
The wolf spider closely misses you.
You riposte.
You hit the wolf spider but do no damage.
Space warps horribly around the wolf spider!!
The wolf spider barely misses you.
The wolf spider hits you but does no damage.
The wolf spider bites you but does no damage. 😱 HP[+1] MP[+1]
You barely miss the wolf spider.
The wolf spider looks more energetic.
The wolf spider hits you but does no damage.
The wolf spider bites you but does no damage.
The wolf spider hits you but does no damage.
You block the wolf spider's attack. 😱 MP[+1]
Your ring mail of Laatorgh prevents you from hitting the wolf spider.
The wolf spider hits you but does no damage.
The wolf spider bites you.
* * * LOW HITPOINT WARNING * * *
The wolf spider hits you.
* * * LOW HITPOINT WARNING * * *
You block the wolf spider's attack. The wolf spider hits you!
* * * LOW HITPOINT WARNING * * *
The wolf spider barely misses you. The wolf spider closely misses you.
You riposte.
You barely miss the wolf spider.
The wolf spider bites you but does no damage. 😱 HP[-16] MP[-2]
You take 16 damage, and now have 4/105 hp.
You lost 2 mp, and now have 1/27 mp.
Unknown command.
You feel much better. The wolf spider hits you!
* * * LOW HITPOINT WARNING * * *
You block the wolf spider's attack.
The wolf spider hits you but does no damage.
You block the wolf spider's attack. 😱 HP[+4]
You regained 4 hp, and now have 8/105 hp.
The wolf spider hits you!
You die...
Your body crumbles into a pile of gold.

Skill      XL: |  1  2  3  4  5  6  7  8  9 10 11 12 13 |
---------------+----------------------------------------+-----
Fighting       | 1 2 3 4 6 9 10 | 10.9
Conjurations   | 5 6 7 |  7.8
Translocations | 1 2 3 4 5 6 |  6.6
Spellcasting   | 3 4 6 9 10 | 10.4
Hexes          | 1 3 4 5 6 |  6.9
Shields        | 1 2 3 4 |  4.0
Dodging        | 3 4 |  4.4
Armour         | 3 4 |  4.0
Earth Magic    | 4 5 6 |  6.0
Evocations     | 1 |  1.8
Fire Magic     | 2 3 |  3.0
Stealth        | |  1.7

Action                   |  1- 3 |  4- 6 |  7- 9 | 10-12 | 13-15 || total
-------------------------+-------+-------+-------+-------+-------++-------
Melee: Dagger            |    20 |    13 |    22 |    54 |       ||   109
       Short sword       |     2 |       |       |       |       ||     2
       Kick              |     2 |     2 |     1 |       |       ||     5
       Long sword        |       |       |       |    21 |     8 ||    29
 Fire: Hand crossbow     |       |       |    56 |       |       ||    56
Throw: Boomerang         |     4 |     6 |       |       |       ||    10
       Dart              |       |       |       |    11 |       ||    11
 Cast: Magic Dart        |    72 |   118 |    88 |   206 |     7 ||   491
       Searing Ray       |       |     9 |    68 |    98 |    11 ||   186
       Iskenderun's Myst |       |       |     6 |    45 |     9 ||    60
       Fulminant Prism   |       |       |       |    33 |     1 ||    34
       Leda's Liquefacti |       |       |       |     1 |       ||     1
       Iskenderun's Batt |       |       |       |    11 |       ||    11
Invok: Potion Petition   |       |       |       |     3 |     3 ||     6
Evoke: Wand              |       |     3 |       |    10 |     1 ||    14
  Use: Scroll            |       |       |     9 |     8 |     1 ||    18
       Potion            |       |       |       |       |     4 ||     4
 Stab: Paralysed         |       |     2 |       |       |     1 ||     3
Armor: Robe              |     7 |     8 |    26 |       |       ||    41
       Leather armour    |       |       |     1 |    26 |       ||    27
       Ring mail         |       |       |       |    37 |    29 ||    66
Dodge: Dodged            |    32 |    33 |    74 |    92 |    45 ||   276
Block: Buckler           |       |       |    54 |    86 |    32 ||   172
       Rpst.: Long sword |       |       |       |     6 |     7 ||    13

Levels and vault maps discovered:
D:1:      onia_arrival_pyramid, layout_loops_ring, amcnicky_mini_pool_small,
          dk_noncrumbling_4
D:2:      layout_rooms
D:3:      layout_basic, grunt_gozag_statues
D:4:      layout_rooms, minmay_temple_entry_statues_fountains, uniq_natasha
D:5:      layout_basic, general_overflow_altar, uniq_edmund, uniq_grinder
D:6:      layout_basic, hangedman_ru_absence
D:7:      layout_loops_ring, xom_teletrap_fun, tgw_sif
D:8:      kennysheep_six_static_rooms, layout_gridville, grunt_qazlal_sundering,
          old_standard_altar, ashenzari_altar_1, serial_shops,
          nicolae_shop_window_shopping
D:9:      layout_gridville, dpeg_lair_monsters, minivault_19
D:10:     layout_cave_pools, orc_0_dummy, kennysheep_generic_room_15
D:11:     layout_long_grid, serial_shops, shop, shop_fountains, shop, shop,
          shop, gammafunk_ghost_ooze
Temple:   nicolae_temple_great_sept
Lair:1:   layout_misc_corridors, infiniplex_staircase_pool_2,
          minmay_lair_oklob_chamber
Lair:2:   layout_long_grid, minmay_shoals_entry_lonely_mermaid,
          ebering_ghost_funeral_grove, infiniplex_staircase_pool
Lair:3:   layout_regular_city, basic_altar, amcnicky_mini_pool_medium, uniq_urug
Lair:4:   layout_cave_pods, minmay_snake_entry_six_corridors,
          gauntlet_entry_generic, chequers_serial_rivers_micro_a
Gauntlet: gammafunk_gauntlet_hard_choice
          [minmay_gauntlet_arena_make_your_own_arena,
          gammafunk_gauntlet_arena_split_x, gammafunk_gauntlet_arena_teeth,
          gammafunk_gauntlet_arena_hedges,
          gammafunk_gauntlet_arena_arrow_garden,
          gammafunk_gauntlet_arena_chambers, gauntlet_exit_spiral]

Notes
Turn   | Place    | Note
-------+----------+-------------------------------------------
     0 | D:1      | phalm the Demonspawn Conjurer began the quest for the Orb.
     0 | D:1      | Reached XP level 1. HP: 13/13 MP: 3/3
     0 | D:1      | magus.rc [v1.9.10]
   216 | D:1      | Gained mutation: You have large cloven feet. [demonic
                  | ancestry]
   216 | D:1      | Reached XP level 2. HP: 20/20 MP: 0/5
   455 | D:1      | HP: 2/20 [kobold/+0 short sword (4)]
   799 | D:1      | Reached skill level 1 in Fighting
   802 | D:1      | Learned a level 2 spell: Searing Ray
   990 | D:1      | Reached XP level 3. HP: 26/26 MP: 1/6
  1804 | D:2      | Gained mutation: Your movements are slightly less
                  | encumbered by armour. (ER -2) [demonic ancestry]
  1804 | D:2      | Reached XP level 4. HP: 23/32 MP: 3/7
  2060 | D:2      | Learned a level 4 spell: Iskenderun's Mystic Blast
  2115 | D:2      | Reached skill level 5 in Conjurations
  2256 | D:2      | Reached skill level 1 in Translocations
  2267 | D:2      | Reached skill level 2 in Fighting
  2267 | D:2      | Reached XP level 5. HP: 28/38 MP: 1/9
  2747 | D:3      | Noticed a centaur
  2755 | D:3      | Killed a centaur
  2756 | D:3      | Reached skill level 3 in Spellcasting
  2954 | D:3      | Reached skill level 2 in Translocations
  3137 | D:3      | Found an opulent altar of Gozag.
  3143 | D:3      | Became a worshipper of Gozag Ym Sagoz the Greedy
  3843 | D:4      | Gained mutation: Your movements are less encumbered by
                  | armour. (ER -4) [demonic ancestry]
  3843 | D:4      | Reached XP level 6. HP: 46/46 MP: 5/10
  3860 | D:4      | Learned a level 4 spell: Fulminant Prism
  3979 | D:4      | Found a staircase to the Ecumenical Temple.
  3983 | D:4      | Noticed Natasha
  3987 | D:4      | Killed Natasha
  3996 | Temple   | Entered the Ecumenical Temple
  4236 | D:4      | Noticed Natasha
  4250 | D:4      | Killed Natasha
  4274 | D:4      | Noticed Natasha
  4282 | D:4      | Killed Natasha
  4283 | D:4      | Reached skill level 1 in Hexes
  4390 | D:4      | Got an ichor-stained buckler
  4398 | D:4      | Identified the +4 buckler of Orthodoxy {*Drain rElec rCorr
                  | Int+2} (You found it on level 4 of the Dungeon)
  4501 | D:5      | Entered Level 5 of the Dungeon
  4501 | D:5      | Noticed an ice beast
  4508 | D:5      | Killed an ice beast
  4732 | D:5      | Reached skill level 1 in Shields
  4732 | D:5      | Reached XP level 7. HP: 51/51 MP: 2/12
  4834 | D:5      | Reached skill level 3 in Translocations
  4916 | D:5      | Reached skill level 3 in Fighting
  4916 | D:5      | Reached skill level 2 in Hexes
  5194 | D:5      | Noticed Grinder
  5211 | D:5      | Killed Grinder
  5212 | D:5      | Reached skill level 2 in Shields
  5338 | D:5      | Noticed Edmund
  5761 | D:5      | Found a hide-covered altar of Uskayaw.
  6482 | D:6      | Found a sacrificial altar of Ru.
  6593 | D:6      | Reached skill level 3 in Hexes
  6593 | D:6      | Gained mutation: You regenerate a little health from kills.
                  | [demonic ancestry]
  6593 | D:6      | Reached XP level 8. HP: 50/58 MP: 5/13
  6613 | D:6      | HP: 13/58 [orc wizard/magic dart (6)]
  6614 | D:6      | HP: 6/58 [orc wizard/magic dart (7)]
  7342 | D:7      | Reached skill level 4 in Spellcasting
  7343 | D:7      | Reached skill level 6 in Conjurations
  7343 | D:7      | Reached skill level 4 in Translocations
  7483 | D:7      | Reached skill level 3 in Shields
  7613 | D:7      | HP: 14/60 [water moccasin skeleton (3)]
  7846 | D:7      | Reached skill level 4 in Hexes
  8122 | D:7      | Reached skill level 4 in Fighting
  8244 | D:7      | Found a shimmering altar of Xom.
  8358 | D:7      | You pick up a book of Conjurations and begin reading...
  8484 | D:7      | Found a shimmering blue altar of Sif Muna.
  8549 | D:7      | You pick up a book of Debilitation and begin reading...
  8549 | D:7      | You add the spells Corona, Slow, Inner Flame, Portal
                  | Projectile, Cause Fear and Leda's Liquefaction to your
                  | library.
  8778 | D:7      | Gained mutation: When hurt, damage is shared between your
                  | health and your magic reserves. [demonic ancestry]
  8778 | D:7      | Reached XP level 9. HP: 64/65 MP: 9/15
  9084 | D:8      | Found a broken altar of Ashenzari.
  9199 | D:8      | Reached skill level 5 in Translocations
  9275 | D:8      | Reached skill level 4 in Shields
  9378 | D:8      | Found an ornate altar of the Wu Jian Council.
  9424 | D:8      | Reached skill level 5 in Hexes
  9687 | D:8      | Found a stormy altar of Qazlal.
  9791 | D:8      | Reached skill level 5 in Spellcasting
  9947 | D:8      | Reached skill level 5 in Fighting
 10081 | D:8      | Reached skill level 7 in Conjurations
 10430 | D:8      | Reached skill level 6 in Fighting
 10430 | D:8      | Reached skill level 6 in Spellcasting
 10858 | D:8      | Found Muikh's Armour Emporium.
 10884 | D:8      | Noticed a manticore
 10894 | D:8      | Killed a manticore
 11266 | D:9      | Reached XP level 10. HP: 76/77 MP: 10/20
 11428 | D:9      | Reached skill level 7 in Fighting
 11552 | D:9      | Found a staircase to the Lair.
 11552 | D:9      | Noticed a death yak
 11552 | D:9      | Noticed a death yak
 11583 | D:9      | Killed a death yak
 11584 | D:9      | Reached skill level 7 in Spellcasting
 12042 | D:9      | Noticed a death yak
 12048 | D:9      | Noticed a death yak
 12051 | D:9      | Noticed a death yak
 12235 | D:9      | You pick up a book of Maledictions and begin reading...
 12235 | D:9      | You add the spells Ensorcelled Hibernation, Confusing Touch
                  | and Tukima's Dance to your library.
 12458 | D:9      | Killed a death yak
 12459 | D:9      | Reached skill level 8 in Fighting
 13031 | D:9      | Noticed a death yak
 13078 | D:9      | Killed a death yak
 13079 | D:9      | Reached skill level 8 in Spellcasting
 13081 | D:9      | Killed a death yak
 13082 | D:9      | Reached skill level 9 in Fighting
 13093 | D:9      | Killed a death yak
 13094 | D:9      | Killed a death yak
 13095 | D:9      | Reached skill level 9 in Spellcasting
 13095 | D:9      | Reached XP level 11. HP: 60/89 MP: 1/24
 13310 | D:10     | Entered Level 10 of the Dungeon
 13310 | D:10     | Found a staircase to the Orcish Mines.
 13634 | D:10     | Reached skill level 2 in Dodging
 13710 | D:10     | Reached skill level 1 in Armour
 14053 | D:10     | Learned a level 4 spell: Leda's Liquefaction
 14105 | D:10     | Reached skill level 1 in Earth Magic
 14275 | D:10     | Reached skill level 10 in Fighting
 14349 | D:10     | Noticed a two-headed ogre
 14362 | D:10     | Killed a two-headed ogre
 14363 | D:10     | Reached skill level 2 in Armour
 14363 | D:10     | Reached skill level 2 in Earth Magic
 14923 | D:11     | Found Evusiterask's Distillery.
 14923 | D:11     | Found Utiky's General Store.
 14935 | D:11     | Reached skill level 3 in Dodging
 14940 | D:11     | Noticed a boulder beetle
 15198 | D:11     | Found Ylay's General Store.
 15270 | D:11     | Bought a potion of heal wounds for 65 gold pieces
 15270 | D:11     | Bought a potion of heal wounds for 65 gold pieces
 15344 | Lair:1   | Entered Level 1 of the Lair of Beasts
 15354 | Lair:1   | Reached skill level 3 in Earth Magic
 15876 | Lair:1   | Reached skill level 3 in Armour
 16113 | Lair:1   | Reached skill level 4 in Earth Magic
 16391 | Lair:1   | Got a pitted ring mail
 16631 | Lair:1   | Gained mutation: You regenerate magic rapidly. [demonic
                  | ancestry]
 16631 | Lair:1   | Reached XP level 12. HP: 98/98 MP: 16/25
 16880 | Lair:1   | Identified the +2 ring mail of Ureatz {rF+} (You found it
                  | on level 1 of the Lair of Beasts)
 16885 | Lair:1   | Learned a level 4 spell: Cause Fear
 16905 | Lair:2   | Found a runed translucent door.
 16914 | Lair:2   | You pick up a book of Power and begin reading...
 16914 | Lair:2   | You add the spells Iskenderun's Battlesphere, Bolt of
                  | Magma, Iron Shot, Orb of Destruction and Spellforged
                  | Servitor to your library.
 16921 | Lair:2   | Learned a level 5 spell: Iskenderun's Battlesphere
 16957 | Lair:2   | Noticed a seven-headed hydra
 16970 | Lair:2   | Killed a seven-headed hydra
 16971 | Lair:2   | Reached skill level 4 in Dodging
 16971 | Lair:2   | Reached skill level 10 in Spellcasting
 17397 | Lair:2   | Reached skill level 1 in Evocations
 17678 | Lair:2   | Found a staircase to the Shoals.
 17747 | Lair:2   | Identified the +2 trident of Deteanam {vorpal, rC- Int+5}
 17747 | Lair:2   | Noticed oc3rt's ghost (journeyman KoHu)
 17777 | Lair:2   | Reached skill level 5 in Earth Magic
 18537 | D:5      | Killed Edmund
 19211 | Lair:1   | Reached skill level 4 in Armour
 19321 | Lair:1   | You pick up a book of Maledictions and begin reading...
 19411 | Lair:2   | Learned a level 5 spell: Bolt of Magma
 19434 | Lair:3   | Found a shimmering blue altar of Sif Muna.
 19477 | Lair:3   | Noticed a six-headed hydra
 19484 | Lair:3   | Killed a six-headed hydra
 19485 | Lair:3   | Reached skill level 6 in Hexes
 19485 | Lair:3   | Reached skill level 1 in Fire Magic
 19493 | Lair:3   | Reached skill level 6 in Translocations
 19495 | Lair:3   | Noticed a catoblepas
 19606 | Lair:3   | Got a scorched ring mail
 19617 | Lair:3   | Identified the +4 ring mail of Laatorgh {rF+ rN+ Will+
                  | Int-3} (You found it on level 3 of the Lair of Beasts)
 19694 | Lair:3   | Killed a catoblepas
 20146 | Lair:3   | Noticed Urug
 20163 | Lair:3   | HP: 24/99 [Urug/+2 eveningstar of protection (30)]
 20174 | Lair:3   | Killed Urug
 20175 | Lair:3   | Reached skill level 2 in Fire Magic
 20179 | Lair:3   | a +2 eveningstar of protection {rare}; a +0 chain mail of
                  | fire resistance
 20408 | Lair:3   | a +2 eveningstar of protection {rare}; a +0 chain mail of
                  | fire resistance
 20414 | Lair:3   | a +2 eveningstar of protection {rare}; a +0 chain mail of
                  | fire resistance
 21126 | Lair:4   | Reached XP level 13. HP: 103/105 MP: 10/27
 21234 | Lair:4   | Found a gate leading to a gauntlet.
 21243 | Gauntlet | Entered a Gauntlet
 21243 | Gauntlet | Found a large runed translucent door.
 21243 | Gauntlet | Found a large runed translucent door.
 21243 | Gauntlet | Found a large runed translucent door.
 21243 | Gauntlet | Found a large runed translucent door.
 21243 | Gauntlet | Found a large runed translucent door.
 21243 | Gauntlet | Found a large runed translucent door.
 21243 | Gauntlet | Found a large runed translucent door.
 21243 | Gauntlet | Found a large runed translucent door.
 21243 | Gauntlet | Found a runed translucent door.
 21243 | Gauntlet | Found a runed translucent gate.
 21243 | Gauntlet | Found a transporter.
 21243 | Gauntlet | Found a transporter.
 21243 | Gauntlet | Found a runed translucent gate.
 21243 | Gauntlet | Found a transporter.
 21247 | Gauntlet | Found a transporter.
 21249 | Gauntlet | Found a transporter.
 21257 | Gauntlet | Found a transporter.
 21261 | Gauntlet | Found a transporter.
 21275 | Gauntlet | Found a transporter.
 21275 | Gauntlet | Found a transporter.
 21275 | Gauntlet | Found a transporter.
 21299 | Gauntlet | Found a transporter.
 21309 | Gauntlet | Found a transporter.
 21315 | Gauntlet | Found a runed translucent gate.
 21316 | Gauntlet | Found a large runed translucent door.
 21316 | Gauntlet | Found a large runed translucent door.
 21317 | Gauntlet | Found a large runed translucent door.
 21318 | Gauntlet | Found a large runed translucent door.
 21319 | Gauntlet | Found a large runed translucent door.
 21319 | Gauntlet | Found a large runed translucent door.
 21319 | Gauntlet | Found a runed translucent door.
 21320 | Gauntlet | Found a large runed translucent door.
 21321 | Gauntlet | Found a large runed translucent door.
 21656 | Gauntlet | Got a faintly glowing chain mail
 21667 | Gauntlet | Identified the cursed +1 chain mail of Shadows and Fog
                  | {rC++ Will- Stlth+} (You found it in a Gauntlet)
 21753 | Gauntlet | HP: 19/105 [poisoned by a redback]
 21761 | Gauntlet | Reached skill level 6 in Earth Magic
 21761 | Gauntlet | HP: 17/105 [wolf spider (13)]
 21763 | Gauntlet | Reached skill level 3 in Fire Magic
 21763 | Gauntlet | HP: 6/105 [wolf spider (8)]
 21768 | Gauntlet | HP: 8/105 [wolf spider (12)]
 21769 | Gauntlet | Slain by a wolf spider

Vanquished Creatures
  2 hydras
  A catoblepas (Lair:3)
  A death scarab (Gauntlet)
  A two-headed ogre (D:10)
  Urug (Lair:3)
  6 death yaks (D:9)
  A spectral hydra (Gauntlet)
  4 oklob plants (Lair:1)
  A manticore (D:8)
  A cyclops (D:11)
  A moth of wrath (Gauntlet)
  A black mamba (Lair:1)
  A merfolk siren (Lair:2)
  A centaur skeleton (D:11)
  5 cane toads
  2 komodo dragons
  A troll (D:10)
  2 polar bears
  Grinder (D:5)
  16 blink frogs
  3 redbacks (Gauntlet)
  21 yaks
  6 wyverns
  A basilisk (Lair:2)
  2 steam dragons (Gauntlet)
  Edmund (D:5)
  9 water moccasins
  An orc warrior (D:9)
  3 ice beasts
  2 sky beasts (D:8)
  A black bear (Lair:1)
  A necrophage (D:8)
  6 wolves (Lair:2)
  2 phantoms
  2 ogres (D:7)
  4 centaurs
  13 bullfrogs
  2 water moccasin skeletons (D:7)
  3 scorpions
  10 killer bees
  3 wights (D:10)
  9 howler monkeys
  An electric eel (Lair:3)
  A bullfrog zombie (D:8)
  3 centaur zombies
  5 hounds
  A quasit (D:10)
  2 orc priests
  2 jellies
  8 orc wizards
  An iguana (D:10)
  Natasha (thrice) (D:4)
  7 worker ants
  A killer bee zombie (D:8)
  A hound skeleton (D:8)
  A worker ant zombie (D:8)
  3 gnolls (D:4)
  16 adders
  A shadow imp (D:8)
  4 white imps
  An ooze (D:1)
  An adder skeleton (D:6)
  An adder zombie (D:7)
  2 worms
  6 leopard geckos
  30 orcs
  3 giant cockroaches
  9 goblins
  5 hobgoblins
  15 jackals
  8 kobolds (D:1)
  2 quokkas
  5 ball pythons
  9 bats
  4 frilled lizards
  A jackal skeleton (D:4)
  A leopard gecko zombie (D:8)
  A quokka skeleton (D:5)
  10 rats
330 creatures vanquished.

Vanquished Creatures (others)
  A raiju (Gauntlet)
  11 demonic plants (Gauntlet)
  34 fulminant prisms
  22 fungi
  35 plants
103 creatures vanquished.

Grand Total: 433 creatures vanquished

Table legend:
 A = Non-vault XP
 B = Vault XP
 C = Vault XP percentage of total XP
 D = Non-vault monster count
 E = Vault monster count
 F = Vault count percentage of total count
                 A         B        C        D         E       F
            +---------+---------+-------+---------+---------+-------
      Total |   27241 |   14470 |  34.7 |     297 |      35 |  10.5
            +---------+---------+-------+---------+---------+-------
        D:1 |      54 |       0 |   0.0 |      28 |       0 |   0.0
        D:2 |     150 |       0 |   0.0 |      27 |       0 |   0.0
        D:3 |     159 |       0 |   0.0 |      21 |       0 |   0.0
        D:4 |     172 |      33 |  16.1 |      14 |       1 |   6.7
        D:5 |     487 |     436 |  47.2 |      23 |       2 |   8.0
        D:6 |     198 |       0 |   0.0 |       8 |       0 |   0.0
        D:7 |    1388 |      35 |   2.5 |      24 |       1 |   4.0
        D:8 |    2228 |     196 |   8.1 |      39 |       4 |   9.3
        D:9 |    1232 |    5210 |  80.9 |      12 |       6 |  33.3
       D:10 |    3052 |    1101 |  26.5 |      26 |       2 |   7.1
       D:11 |    1335 |       0 |   0.0 |       9 |       0 |   0.0
     Lair:1 |    4990 |    2267 |  31.2 |      19 |       4 |  17.4
     Lair:2 |    4738 |     458 |   8.8 |      22 |       1 |   4.3
     Lair:3 |    6070 |    1130 |  15.7 |      21 |       3 |  12.5
     Lair:4 |     988 |     298 |  23.2 |       4 |       2 |  33.3
   Gauntlet |       0 |    3306 | 100.0 |       0 |       9 | 100.0
            +---------+---------+-------+---------+---------+-------

Illustrated notes

Table legend:
 A = Kills in this place as a percentage of kills in entire the game.
 B = Kills by you in this place as a percentage of kills by you in the entire game.
 C = Kills by friends in this place as a percentage of kills by friends in the entire game.
 D = Other kills in this place as a percentage of other kills in the entire game.
 E = Experience gained in this place as a percentage of experience gained in the entire game.
 F = Experience gained in this place divided by the number of levels of this place that you have seen.
                   A       B       C       D       E      F
               +-------+-------+-------+-------+-------+----------------------
         Total | 100.0 | 100.0 |   N/A | 100.0 | 100.0 | 2453.6
       Dungeon |  74.4 |  74.8 |   N/A |   0.0 |  41.9 | 1587.8
          Lair |  22.9 |  22.7 |   N/A |  50.0 |  50.2 | 5234.8
      Gauntlet |   2.7 |   2.4 |   N/A |  50.0 |   7.9 | 3306.0
               +-------+-------+-------+-------+-------+----------------------

Table legend: (Time is in decaauts)
 A = Elapsed time spent in this place.
 B = Non-inter-level travel time spent in this place.
 C = Inter-level travel time spent in this place.
 D = Time resting spent in this place.
 E = Time spent auto-exploring this place.
 F = Levels seen in this place.
 G = Mean time per level.
                   A        B        C        D        E       F      G
               +--------+--------+--------+--------+--------+-----+--------+
         Total |  21841 |  20608 |   1233 |    170 |  17175 |  17 | 1284.8 |
       Dungeon |  16015 |  15090 |    925 |    157 |  12744 |  11 | 1455.9 |
        Temple |    117 |    105 |     12 |      0 |     97 |   1 |  117.0 |
          Lair |   5143 |   4847 |    296 |     13 |   4041 |   4 | 1285.8 |
      Gauntlet |    565 |    565 |      0 |      0 |    292 |   1 |  565.0 |
               +--------+--------+--------+--------+--------+-----+--------+

Top non-repeatable levels by time:
     D:8: 2448 daAuts
     D:5: 2206 daAuts
     D:9: 2047 daAuts
  Lair:1: 1895 daAuts
    D:10: 1829 daAuts
  Lair:3: 1576 daAuts
  Lair:2: 1535 daAuts
     D:1: 1527 daAuts
     D:7: 1497 daAuts
     D:6: 1361 daAuts
     D:2: 1214 daAuts
     D:3: 909 daAuts
     D:4: 907 daAuts
Gauntlet: 565 daAuts
  Lair:4: 136 daAuts
